 Dungeon Crawl Stone Soup version 0.19-a0-994-g3c636f0 (webtiles) character file.

141 matakusis the Ducker (level 5, -5/41 HPs)
             Began as a Demonspawn Gladiator on July 16, 2016.
             Slain by Sigmund
             ... wielding a +0 scythe
              (6 damage)
             ... on level 3 of the Dungeon.
             The game lasted 00:08:02 (2778 turns).

matakusis the Ducker (Demonspawn Gladiator)         Turns: 2778, Time: 00:08:03

Health: -5/41      AC:  6    Str: 14 (16) XL:     5   Next: 3%
Magic:  5/5        EV: 18    Int: 12 (14) God:
Gold:   171        SH:  0    Dex: 16 (19) Spells: 0 memorised, 4 levels left

rFire  . . .     SeeInvis .     a - +0 long sword
rCold  . . .     Gourm    .     b - +0 leather armour
rNeg   . . .     Faith    .     q - +0 buckler {AC+3}
rPois  .         Spirit   .     (helmet restricted)
rElec  .         Dismiss  .     (no cloak)
rCorr  .         Reflect  .     (no gloves)
SustAt .         Harm     .     (no boots)
MR     .....                    (no amulet)
Stlth  ++........               (no ring)
                                t - ring of wizardry

@: confused, brilliant, agile, flying, very slightly contaminated, hasted, very
quick, not resistant to hostile enchantments, unstealthy
A: antennae 1, claws 1
a: no special abilities


You were on level 3 of the Dungeon.
You were hungry.

You visited 1 branch of the dungeon, and saw 3 of its levels.

You collected 171 gold pieces.

Inventory:

Hand Weapons
 a - a +0 long sword (weapon)
Armour
 b - a +0 leather armour (worn)
 m - a +0 large shield
 q - a +0 buckler of protection (worn)
 u - a cursed +0 shield
Jewellery
 k - an uncursed ring of ice
 t - a ring of wizardry (left claw)
Wands
 n - a wand of iceblast (10/15)
Scrolls
 e - 2 scrolls of remove curse {unknown}
 h - 2 scrolls of enchant armour {unknown}
 o - a scroll of magic mapping {unknown}
 p - a scroll of random uselessness {unknown}
 s - 3 scrolls of identify {unknown}
Potions
 v - a potion of brilliance
 w - a potion of degeneration
Comestibles
 f - 4 bread rations
 g - a chunk of flesh
 j - a meat ration
 r - a beef jerky


   Skills:
 * Level 3.2 Fighting
 + Level 3.3 Long Blades
 - Level 1.7 Throwing
 * Level 4.0 Dodging
 * Level 0.6 Shields


You had 4 spell levels left.
You didn't know any spells.

Dungeon Overview and Level Annotations

Branches:
Dungeon (3/15)

Altars:
Cheibriados
Okawaru
Qazlal

Annotations:
D:3 Sigmund


Innate Abilities, Weirdness & Mutations

You have a pair of small antennae on your head.
You have sharp fingernails.


Message History

Unknown command.
It was a potion of brilliance.
You feel clever all of a sudden.
You hear some strange, mumbled words.
A puff of flame appears from out of thin air!
The puff of flame hits you!
* * * LOW HITPOINT WARNING * * *
It was a potion of degeneration.
There was something very wrong with that liquid.
You feel weakened.
You feel dopey.
You feel clumsy. Something hits you.
* * * LOW HITPOINT WARNING * * *
It was a potion of agility.
You feel agile all of a sudden.
You are feeling hungry.
You're too confused!
You barely miss something. Something hits you but does no damage.
You hit something but do no damage.
You're too confused to move!
Something hits you.
You die...

#
#####################
#..................#.
#.##############.....
#.########## ######
#..........%
#.#...#...#.
#....{)....(
###)@.#...#.
#..........
########### ### #.#
#.# #.# #.### #....
####.


There were no monsters in sight!

Vanquished Creatures
  4 adders
  2 worms
  2 dart slugs (D:1)
  4 giant geckos
  5 orcs (D:3)
  2 ball pythons (D:1)
  11 bats
  4 giant cockroaches
  3 goblins
  12 hobgoblins
  13 jackals
  A quokka (D:2)
  4 giant newts
  5 kobolds
  9 rats
81 creatures vanquished.

Notes
Turn   | Place    | Note
-------+----------+-------------------------------------------
     0 | D:1      | matakusis the Demonspawn Gladiator began the quest for the Orb.
     0 | D:1      | Reached XP level 1. HP: 16/16 MP: 1/1
    84 | D:1      | Gained mutation: You have a pair of small antennae on your head. [demonic ancestry]
    84 | D:1      | Reached XP level 2. HP: 6/22 MP: 2/2
   523 | D:1      | Reached skill level 3 in Dodging
   713 | D:1      | Reached XP level 3. HP: 24/28 MP: 3/3
  1510 | D:2      | Found an iron altar of Okawaru.
  1578 | D:2      | Reached XP level 4. HP: 34/34 MP: 4/4
  2166 | D:3      | Found a snail-covered altar of Cheibriados.
  2166 | D:3      | Found a stormy altar of Qazlal.
  2464 | D:3      | Gained mutation: You have sharp fingernails. [demonic ancestry]
  2464 | D:3      | Reached XP level 5. HP: 41/41 MP: 5/5
  2651 | D:3      | Reached skill level 4 in Dodging
  2734 | D:3      | Noticed Sigmund
  2774 | D:3      | HP: 1/41 [something (4)]
  2778 | D:3      | Slain by Sigmund

Vault maps used:
D:1:      dpeg_arrival_simpleton_b, supply_closet_lemuel
D:2:      dk_noncrumbling_3, kennysheep_okawaru_gauntlet
D:3:      lemuel_coloured_pillars_altar, gammafunk_temple_overflow_elements,
          uniq_sigmund

Skill      XL: |  1  2  3  4  5 |
---------------+----------------+-----
Long Blades    | 3 |  3.3
Dodging        | 3 4 |  4.0
Fighting       | 3 |  3.2
Throwing       | |  1.7
Shields        | |  0.6

Action                   |  1- 3 |  4- 6 || total
-------------------------+-------+-------++-------
Melee: Long sword        |   142 |   158 ||   300
Throw: Throwing net      |       |     3 ||     3
  Use: Potion            |       |     6 ||     6
 Stab: Sleeping          |     1 |     1 ||     2
       Held in net/web   |       |     1 ||     1
  Eat: Chunk             |     2 |     4 ||     6
Armor: Leather armour    |    26 |    28 ||    54
Dodge: Dodged            |    86 |    93 ||   179
Block: Buckler           |     1 |    20 ||    21
